Map: Lerilak Crest

Players

LindyHop

  • Race: Zerg Zerg
  • League: Platinum

Meh - Winner!

  • Race: Zerg Zerg
  • League: Platinum

VOD

Have the link to the VOD?

Description

Time

  • Played on: Jan. 16, 2016, 8:34 p.m.
  • Length: 7:18
Show
View Real Time Build Order
Export as new Build Order

LindyHop Zerg 

Build Orders: Hatch First 

Get SALT Encoding   

  12  0:01  Drone  
  13  0:12  Overlord  
  13  0:17  Drone  
  14  0:30  Drone x2  
  14  0:34  Drone  
  17  0:55  Hatchery  
  16  0:58  Drone  
  17  1:05  Drone  
  18  1:13  Spawning Pool  
  18  1:17  Extractor  
  16  1:19  Drone  
  16  1:25  Drone  
  18  1:29  Drone  
  19  1:43  Overlord  
  19  2:00  Queen  
  21  2:02  Drone  
  21  2:03  Drone  
  21  2:06  Queen  
  25  2:10  Zergling x2  
  25  2:11  Zergling x2  
  27  2:27  Metabolic Boost  
  27  2:32  Evolution Chamber  
  26  2:43  Drone x3  
  29  2:44  Queen  
  31  2:56  Spine Crawler  
  30  3:02  Zergling x4  
  32  3:19  Zergling x6  
  35  3:20  Zergling x2  
  35  3:24  Zerg Ground Armor Level 1  
  36  3:31  Spine Crawler  
  35  3:44  Roach Warren  
  35  3:48  Drone  
  28  3:55  Drone x6  
  29  4:05  Baneling Nest  
  28  4:26  Roach x4  
  28  4:31  Roach  
  36  4:36  Zergling x2  
  33  4:41  Zergling x2  
  33  4:42  Zergling x2  
  35  4:50  Zergling x2  
  36  4:59  Overlord  
  36  5:09  Roach  
  36  5:10  Zergling x2  
  36  5:13  Zergling x2  
  33  5:14  Zergling x4  
  33  5:15  Zergling x2  
  30  5:21  Zergling x4  
  30  5:26  Zergling x2  
  30  5:27  Zergling x2  
  33  5:33  Baneling x2  
  33  5:37  Drone x2  
  35  5:47  Baneling  
  34  5:51  Drone x4  
  37  6:12  Extractor  
  37  6:18  Baneling  
  36  6:19  Zergling x2  
  36  6:24  Spine Crawler  
  36  6:25  Overlord x2  
  36  6:44  Roach x3  
  39  6:54  Baneling  
  39  6:55  Baneling  
  39  6:58  Roach  
Show
View Real Time Build Order
Export as new Build Order

Meh Zerg - Winner!

Build Orders: Hatch First, Zergling Baneling 

Get SALT Encoding   

  12  0:01  Drone  
  13  0:12  Overlord  
  13  0:17  Drone  
  14  0:30  Drone  
  15  0:47  Hatchery  
  14  0:50  Drone  
  14  0:55  Drone, Extractor  
  15  1:12  Spawning Pool  
  15  1:15  Drone  
  15  1:20  Drone  
  15  1:24  Drone  
  17  1:29  Drone  
  18  1:37  Drone  
  19  1:59  Queen x2  
  23  2:03  Metabolic Boost  
  23  2:10  Overlord  
  23  2:25  Zergling x4  
  25  2:30  Baneling Nest  
  25  2:33  Drone  
  25  2:40  Zergling x2  
  25  2:42  Drone  
  27  2:47  Zergling x4  
  29  2:51  Zergling x2  
  29  2:54  Zergling x2  
  31  3:02  Zergling x4  
  31  3:03  Zergling x2  
  34  3:10  Zergling x4  
  36  3:18  Overlord  
  36  3:22  Baneling  
  36  3:23  Baneling x3  
  36  3:47  Zergling x6  
  32  3:51  Zergling x12  
  32  3:52  Zergling x2  
  39  3:58  Overlord  
  39  4:02  Baneling x3  
  39  4:04  Baneling  
  31  4:33  Zergling x2  
  31  4:34  Zergling x10  
  31  4:35  Zergling x8  
  39  4:50  Zergling x2  
  39  4:51  Zergling x6  
  37  5:10  Zergling x6  
  37  5:14  Zergling x2  
  37  5:21  Zergling x2  
  38  5:23  Zergling x6  
  38  5:24  Zergling x2  
  42  5:39  Zergling x8  
  46  5:53  Zergling x10  
  46  5:54  Drone  
  46  5:55  Overlord  
  50  6:11  Baneling  
  50  6:12  Baneling x13  
  50  6:16  Drone  
  50  6:17  Drone  
  52  6:45  Drone x8  
Tags
 
Add a new tag
Caveats
  • Supply blocks, unpowered buildings, or Contaminate may cause inaccurate times.
  • Supply counts are checked every 10 seconds.